 Dungeon Crawl Stone Soup version 0.30-a0-1043-g60ff8d5f49 (webtiles) character file.

Game seed: 2689168230679365418

38047 ytrimaz the Fighter (level 13, -2/146 HPs)
             Began as a Demigod Transmuter on Apr 10, 2023.
             Slain by a rakshasa
             ... wielding a +0 trident
              (9 damage)
             ... on level 2 of the Abyss.
             The game lasted 00:24:58 (16184 turns).

ytrimaz the Fighter (Demigod Transmuter)           Turns: 16184, Time: 00:24:59

Health: -2/146     AC: 29    Str: 13 (15) XL:     13   Next: 29%
Magic:  22/26      EV: 15    Int: 31      God:
Gold:   2377       SH:  0    Dex: 12      Spells: 9/24 levels left

rFire   . . .      SeeInvis +      - Unarmed
rCold   . . .      Faith    .    (no shield)
rNeg    + . .      Spirit   .    C - melded +0 steam dragon scales
rPois   ∞          Reflect  .    A - +1 helmet {SInv}
rElec   +          Rampage  .    (no cloak)
rCorr   .          Clarity  +    (gloves currently unavailable)
Will    +....                    F - melded +1 pair of boots
Stlth   +                        p - amulet of regeneration
HPRegen 1.24/turn                l - ring of Cenypluch {Str+6 Slay+3}
MPRegen 0.20/turn                I - +4 ring of slaying

@: statue-form, wereblooded, unable to read, unable to drink, very slow
A: slow and powerful, torment resistance 1, boosted hp, high MP 1, forlorn,
divine attributes, hooves 1, clarity, deformed body, [clumsy 1], [deterioration
1], [screaming 1], [weak 1], [inability to drink after injury 1], [inability to
read after injury 1]
a: End Transformation


You were on level 2 of the Abyss.
You were a living statue of rough stone.
You visited 3 branches of the dungeon, and saw 17 of its levels.
You visited the Abyss 1 time.
You also visited: Sewer and Volcano.

You collected 2919 gold pieces.
You spent 542 gold pieces at shops.


Innate Abilities, Weirdness & Mutations

You are a living statue of rough stone.
Your actions are slow, but your melee attacks are powerful.
You are resistant to unholy torment.
Your maximum health is greatly increased.
You are immune to poison.
Your equipment is partially melded.
You have an increased reservoir of magic. (+10% MP)
You shall have no god before yourself.
Your divine heritage dramatically boosts your attributes as you level up.
You have large cloven feet.
You possess an exceptional clarity of mind.
Armour fits poorly on your strangely shaped body.
[You are clumsy. (Dex -2)]
[Your body sometimes deteriorates upon taking damage.]
[You occasionally shout uncontrollably at your foes.]
[You are weak. (Str -2)]
[You occasionally lose the ability to drink potions when taking damage.]
[You occasionally lose the ability to read scrolls when taking damage.]


   Skills:
 - Level 10.3 Fighting
 + Level 7.7 Dodging
 - Level 10.0 Unarmed Combat
 - Level 6.0 Spellcasting
 - Level 10.0 Transmutations
 - Level 2.0 Ice Magic
 - Level 10.0 Earth Magic
 - Level 1.0 Poison Magic


You had 9 spell levels left.
You knew the following spells:

 Your Spells              Type           Power      Damage    Failure   Level
b - Wereblood             Tmut           63%        N/A       1%          2
c - Spider Form           Tmut/Pois      43%        N/A       1%          3
d - Ice Form              Ice/Tmut       46%        N/A       4%          4
e - Statue Form           Tmut/Erth      42%        N/A       12%         6

Your spell library contained the following spells:

 Spells                   Type           Power      Damage    Failure   Level
 Beastly Appendage        Tmut           100%       N/A       1%          1
 Lee's Rapid Deconstruct  Erth           31%        3d16*     2%          5
 Slow                     Hex            36%        N/A       4%          1
 Poisonous Vapours        Pois/Air       24%        N/A       6%          2
 Leda's Liquefaction      Hex/Erth       20%        N/A       6%          4
 Cigotuvi's Dreadful Rot  Necr/Pois/Air  22%        N/A       7%          2
 Mephitic Cloud           Conj/Pois/Air  11%        N/A       13%         3
 Confusing Touch          Hex            9%         N/A       14%         3
 Vampiric Draining        Necr           9%         2d6       14%         3
 Anguish                  Hex/Necr       4%         N/A       43%         4
 Dispel Undead            Necr           9%         3d8       43%         4
 Freezing Cloud           Conj/Ice/Air   6%         6-21      71%         5
 Death Channel            Necr           4%         N/A       100%        6
 Enfeeble                 Hex            4%         N/A       100%        7

Inventory:

Hand Weapons
 S - a +2 executioner's axe of flaming
   (You found it in a volcano)
 V - a +2 quick blade of flaming
   (You found it in a volcano)
Armour
 A - a +1 helmet of see invisible (worn)
   (You bought it in a shop on level 8 of the Dungeon)
 C - +0 steam dragon scales (melded)
   (You found it on level 10 of the Dungeon)
 E - the +1 buckler of Dotaqeinn {rF+ rN+ Will- Slay+5}
   (You found it on level 12 of the Dungeon)

   Slay:      It affects your accuracy & damage with ranged weapons and melee
   (+5).
   rF:        It protects you from fire.
   rN:        It protects you from negative energy.
   Will:      It decreases your willpower.
 F - a +1 pair of boots (melded)
   (You found it on level 11 of the Dungeon)
 P - a +1 robe of fire resistance
   (You took it off a wizard in a volcano)
 R - the +0 hat of Zin's Generosity {rC+ Dex+6}
   (You found it in a volcano)

   Dex:       It affects your dexterity (+6).
   rC:        It protects you from cold.
 T - a +1 leather armour of fire resistance
   (You found it in a volcano)
 U - a +0 ring mail of fire resistance
   (You found it in a volcano)
Jewellery
 l - the ring of Cenypluch (left fist) {Str+6 Slay+3}
   (You found it on level 5 of the Dungeon)

   [ring of strength]

   Str:       It affects your strength (+6).
   Slay:      It affects your accuracy & damage with ranged weapons and melee
   (+3).
 p - an amulet of regeneration (around neck)
   (You took it off an orc on level 6 of the Dungeon)
 u - a ring of poison resistance
   (You found it on level 2 of the Lair of Beasts)
 w - a ring of fire
   (You bought it in a shop on level 8 of the Dungeon)
 B - a ring of resist corrosion
   (You took it off a kobold brigand on level 9 of the Dungeon)
 G - a +6 ring of intelligence
   (You found it on level 12 of the Dungeon)
 I - a +4 ring of slaying (right fist)
   (You found it on level 2 of the Lair of Beasts)
 L - a +6 ring of dexterity
   (You found it on level 4 of the Lair of Beasts)
 N - a +6 ring of dexterity
   (You found it on level 4 of the Lair of Beasts)
Wands
 a - a wand of charming (5)
   (You found it on level 10 of the Dungeon)
 d - a wand of digging (7)
   (You found it on level 2 of the Dungeon)
 j - a wand of iceblast (16)
   (You found it on level 5 of the Dungeon)
 r - a wand of polymorph (9)
   (You found it on level 3 of the Dungeon)
 x - a wand of quicksilver (8)
   (You found it on level 7 of the Dungeon)
 K - a wand of mindburst (8)
   (You found it on level 3 of the Lair of Beasts)
 M - a wand of flame (9)
   (You found it on level 3 of the Lair of Beasts)
Scrolls
 e - 8 scrolls of teleportation
 g - 8 scrolls of amnesia
 h - 3 scrolls of enchant weapon
 i - 2 scrolls of fog
 q - a scroll of blinking
 t - a scroll of enchant armour
 y - 2 scrolls of magic mapping
 O - a scroll of brand weapon {unknown}
 Q - a scroll of identify
Potions
 b - 3 potions of attraction
 c - a potion of mutation
 f - 3 potions of haste
 k - 2 potions of might
 m - a potion of resistance
 n - 7 potions of curing
 o - 2 potions of invisibility
 s - 2 potions of brilliance
 v - 2 potions of heal wounds
 z - 2 potions of ambrosia
 D - a potion of berserk rage
 H - a potion of flight {unknown}
 J - 2 potions of lignification

Dungeon Overview and Level Annotations

Branches:
Dungeon (12/15) Zot: 26717  Temple (1/1) D:4 Zot: 5998    Lair (4/5) D:11 Zot: 19807
  Swamp (0/4) Lair:2        Snake (0/4) Lair:3        Slime (0/5) Lair:4
    Orc (0/2) D:12          Sewer (visited)         Volcano (visited)

Shops:
D:8 *

Portals:
Abyss: Lair:2

Annotations:
D:12 Josephine
Lair:2 2 transporters, Nabski's ghost, journeyman TeFE

.# . # .
..... #
.....
###..###
..
#....#.##
# ##
#....#..#
. # ..
....R..#
## .# # #
#.#....##
.. x .
..#X8# ...
..
#...XX## .
.
......#†X#
.### #.##
. ...#.≈##
# . #..
..§##. #≈
. . .##
.## . . #
.
#........
... . .
#..'## #.
. .


You could see a rakshasa and 4 large abominations.


Message History

Something smites you!
* * * LOW HITPOINT WARNING * * *
😨 HP[-7]
You take 7 damage, and now have 39/146 hp.
Unknown command.
You barely miss the smoke demon.
You kick the smoke demon, but do no damage.
The rakshasa blinks!
The smoke demon hits you but does no damage. x3 😨 HP[+1] Unknown command.
You punch the smoke demon! The smoke demon barely misses you.
The smoke demon hits you but does no damage.
The smoke demon misses you.
The large abomination misses you. 😨 HP[+2]
You regained 2 hp, and now have 42/146 hp.
Unknown command.
You barely miss the smoke demon.
The rakshasa weaves an illusion.
The large abomination shimmers and seems to become two!
The smoke demon gestures at you.
The ball of steam hits you but does no damage. 😨 HP[+1] MP[+1] Unknown command.
You completely miss the smoke demon.
You are engulfed in a cloud of scalding steam.
* * * LOW HITPOINT WARNING * * *
The large abomination closely misses you.
The smoke demon barely misses you. The smoke demon hits you.
* * * LOW HITPOINT WARNING * * *
The smoke demon hits you but does no damage.
The large abomination misses you. The smoke demon barely misses you.
The smoke demon hits you but does no damage. x2
The rakshasa hits you from afar with a +0 trident!
* * * LOW HITPOINT WARNING * * *
😱 HP[-12]
You take 12 damage, and now have 31/146 hp.
Unknown command.
You barely miss the smoke demon.
You kick the smoke demon, but do no damage.
The smoke demon hits you but does no damage.
The smoke demon closely misses you.
The smoke demon hits you but does no damage.
The rakshasa weaves an illusion.
The large abomination shimmers and seems to become two!
The large abomination hits you!!
You feel threatened and lose the ability to read scrolls!
* * * LOW HITPOINT WARNING * * *
😱 HP[-21]
You take 21 damage, and now have 10/146 hp.
Unknown command.
Unknown command.
You cannot drink potions in your current state!
Unknown command.
You cannot read scrolls in your current state!
Unknown command.
Unknown command.
You pummel the smoke demon!!
You kill the smoke demon!
The rakshasa closely misses you. 😱 HP[+2]
You regained 2 hp, and now have 12/146 hp.
Unknown command.
Unknown command.
You hit the large abomination but do no damage.
You kick the large abomination, but do no damage.
You punch the large abomination, but do no damage.
The rakshasa misses you.
The large abomination hits you but does no damage. 😱 HP[+1] MP[+1] Unknown command.
Unknown command.
You hit the large abomination.
The rakshasa weaves an illusion.
The large abomination shimmers and seems to become two!
The large abomination hits you but does no damage.
The large abomination hits you!
* * * LOW HITPOINT WARNING * * *
The rakshasa gestures at you. The lance of force misses you. 😱 HP[-8]
You take 8 damage, and now have 5/146 hp.
Unknown command.
Unknown command.
Okay, then.
Casting: Statue Form (dangerous; 12% risk of failure)
Confirm with . or Enter, or press ? or * to list all spells.
Okay, then.
Unknown command.
Unknown command.
Casting: Statue Form (dangerous; 12% risk of failure)
Confirm with . or Enter, or press ? or * to list all spells.
You don't know that spell.
Casting: Statue Form (dangerous; 12% risk of failure)
Confirm with . or Enter, or press ? or * to list all spells.
Your blood is infused with primal strength.
The large abomination hits you but does no damage.
The large abomination closely misses you.
The rakshasa hits you from afar with a +0 trident!
You die...

Skill      XL: |  1  2  3  4  5  6  7  8  9 10 11 12 13 |
---------------+----------------------------------------+-----
Transmutations | 2 3 4 5 6 8 10 | 10.0
Spellcasting   | 2 3 4 5 6 |  6.0
Poison Magic   | 1 |  1.0
Ice Magic      | 2 |  2.0
Unarmed Combat | 4 7 9 10 | 10.0
Fighting       | 1 6 9 10 | 10.3
Earth Magic    | 5 8 10 | 10.0
Dodging        | 2 6 7 |  7.7

Action                     |  1- 3 |  4- 6 |  7- 9 | 10-12 | 13-15 || total
---------------------------+-------+-------+-------+-------+-------++-------
  Melee: Unarmed           |    90 |   107 |   364 |   450 |    73 ||  1084
         Kick              |    15 |     1 |       |    20 |    33 ||    69
         Headbutt          |    16 |     1 |       |       |       ||    17
         Punch             |     2 |     3 |     1 |    13 |     4 ||    23
   Cast: Beastly Appendage |    26 |     1 |       |       |       ||    27
         Spider Form       |     1 |    13 |    12 |     4 |       ||    30
         Wereblood         |       |     1 |    10 |    14 |     2 ||    27
         Ice Form          |       |       |    36 |    30 |       ||    66
         Statue Form       |       |       |       |    29 |     5 ||    34
Ability: End Transformatio |       |       |       |     1 |       ||     1
  Evoke: Wand              |       |       |     2 |       |       ||     2
    Use: Scroll            |     5 |       |    14 |    14 |       ||    33
         Potion            |     1 |     2 |       |     7 |       ||    10
   Stab: Sleeping          |     2 |       |     1 |       |       ||     3
 Armour: Robe              |    12 |     3 |     8 |       |       ||    23
         Skin              |     1 |    12 |   106 |   295 |    48 ||   462
         Steam dragon scal |       |       |       |    18 |       ||    18
  Dodge: Dodged            |    88 |    95 |   216 |   332 |    55 ||   786

Levels and vault maps discovered:
D:1:      giann_wishing_wells, layout_loops_cross
D:2:      layout_rooms, serial_forest, infiniplex_forest_split,
          infiniplex_forest_split, infiniplex_forest_clump_long,
          infiniplex_forest_lined_ring, infiniplex_forest_straight_4,
          infiniplex_forest_clump_diagonal, infiniplex_forest_lined_room_,
          basic_altar, serial_bayou_pond_d, serial_bayou_pond_a
D:3:      layout_basic, doesnt_xom_only_xom, grunt_temple_overflow_open,
          dk_noncrumbling_4
D:4:      layout_basic, minmay_temple_entry_purple_smoke, uniq_menkaure,
          uniq_eustachio
D:5:      layout_basic, minmay_fractal_squares_5
D:6:      layout_rooms, lemuel_coloured_pillars_altar, gup_sewer_entry_bubbles,
          uniq_maggie
D:7:      minmay_s_stair_smasher, layout_basic,
          mainiacjoe_overflow_cross_hatched, minmay_liquid_box, uniq_joseph
D:8:      layout_basic, lemuel_round_altar, nicolae_wu_jian_immortal_techniques,
          serial_shops, nicolae_shop_waterfront, serial_glass, glass_columns_a,
          glass_columns_a
D:9:      layout_loops_ring, hangedman_ranch
D:10:     layout_basic, lemuel_zombie_altar_yredelemnul
D:11:     layout_roguey, dpeg_lair_monsters, kennysheep_okawaru_gauntlet
D:12:     layout_cross, orc_0_dummy, eino_house_with_fridge, uniq_nergalle,
          uniq_josephine
Temple:   hellmonk_temple_forest_ring
Lair:1:   layout_long_grid, serial_rivers, chequers_serial_rivers_micro_e,
          chequers_serial_rivers_micro_a, chequers_serial_rivers_large_b,
          chequers_serial_rivers_room_a, chequers_serial_rivers_large_a,
          chequers_serial_rivers_micro_d
Lair:2:   layout_cave_pods, skrybe_swamp_entry_bodies,
          gammafunk_ghost_abyssal_escape
Lair:3:   layout_cave_pods, minmay_snake_entry_guardpost_medium
Lair:4:   layout_cave_shapes, slime_entry_2, nicolae_volcano_entry_hallway
Abyss:2:  base: Lair:1, abyss_exit_lava, hangedman_decor_points
Volcano:  volcano_bunker

Notes
Turn   | Place    | Note
-------+----------+-------------------------------------------
     0 | D:1      | ytrimaz the Demigod Transmuter began the quest for the Orb.
     0 | D:1      | Reached XP level 1. HP: 15/15 MP: 5/5
     0 | D:1      | magus.rc [v1.9.6]
    85 | D:1      | Reached skill level 2 in Transmutations
   128 | D:1      | Reached skill level 2 in Spellcasting
   286 | D:1      | Reached XP level 2. HP: 22/22 MP: 4/7
   506 | D:1      | Learned a level 2 spell: Wereblood
  1206 | D:2      | Reached XP level 3. HP: 14/27 MP: 6/9
  1620 | D:2      | You fall into a shaft and drop 2 floors!
  1716 | D:4      | Learned a level 3 spell: Spider Form
  1762 | D:4      | Noticed Eustachio
  1769 | D:4      | HP: 5/27 [ufetubus[Eustachio] (2)]
  1778 | D:4      | HP: 4/27 [ufetubus[Eustachio] (3)]
  1783 | D:4      | Killed Eustachio
  1784 | D:4      | Reached skill level 3 in Spellcasting
  1784 | D:4      | Reached skill level 3 in Transmutations
  1784 | D:4      | Reached XP level 4. HP: 7/34 MP: 9/12
  1784 | D:4      | Reached XP level 5. HP: 8/39 MP: 9/13
  1944 | D:4      | Reached skill level 4 in Transmutations
  2094 | D:4      | Reached skill level 4 in Spellcasting
  2278 | D:4      | Identified the +11 hand axe of Motoopiw {protect, rPois
                  | rF+++ Will- MP+9}
  2282 | D:4      | Found a staircase to the Ecumenical Temple.
  2338 | D:4      | Noticed Menkaure
  2352 | D:4      | Killed Menkaure
  2352 | D:4      | HP: 14/58 [frozen (3)]
  2353 | D:4      | Reached XP level 6. HP: 17/46 MP: 15/15
  2504 | D:4      | You pick up a book of Debilitation and begin reading...
  2504 | D:4      | You add the spells Slow, Vampiric Draining and Confusing
                  | Touch to your library.
  2767 | D:4      | Reached skill level 1 in Poison Magic
  2774 | D:4      | Learned a level 4 spell: Ice Form
  3302 | D:3      | Reached skill level 5 in Transmutations
  3504 | D:3      | You pick up a book of Vapours and begin reading...
  3504 | D:3      | You add the spells Poisonous Vapours, Mephitic Cloud and
                  | Freezing Cloud to your library.
  3690 | D:3      | Reached XP level 7. HP: 24/51 MP: 17/17
  3910 | D:3      | Identified a scroll of acquirement
  3910 | D:3      | Acquired 1040 gold pieces
  4306 | Temple   | Entered the Ecumenical Temple
  4315 | D:5      | Entered Level 5 of the Dungeon
  4372 | D:5      | Reached skill level 5 in Spellcasting
  4488 | D:5      | Reached skill level 1 in Ice Magic
  4534 | D:5      | You pick up a book of the Earth and begin reading...
  4534 | D:5      | You add the spells Leda's Liquefaction, Lee's Rapid
                  | Deconstruction and Statue Form to your library.
  4781 | D:5      | Learned a level 6 spell: Statue Form
  4848 | D:5      | Reached skill level 2 in Ice Magic
  4898 | D:5      | Identified the ring of Cenypluch {Str+6 Slay+3}
  4907 | D:5      | You pick up a book of Decay and begin reading...
  4907 | D:5      | You add the spells Cigotuvi's Dreadful Rot, Dispel Undead
                  | and Death Channel to your library.
  5270 | D:6      | Found a glowing drain.
  5406 | D:6      | Noticed Maggie
  5433 | Sewer    | Entered a sewer
  5566 | Sewer    | Reached skill level 6 in Transmutations
  5819 | Sewer    | Reached XP level 8. HP: 35/58 MP: 14/20
  6044 | D:6      | Killed Maggie
  6045 | D:6      | Reached skill level 6 in Spellcasting
  6045 | D:6      | Reached skill level 7 in Transmutations
  6327 | D:6      | Reached skill level 3 in Unarmed Combat
  6328 | D:6      | Reached skill level 8 in Transmutations
  6727 | D:7      | Noticed Joseph
  6783 | D:7      | Reached skill level 4 in Unarmed Combat
  6806 | D:7      | Reached XP level 9. HP: 63/63 MP: 13/21
  6968 | D:7      | Killed Joseph
  6969 | D:7      | Reached skill level 5 in Unarmed Combat
  6969 | D:7      | Reached skill level 9 in Transmutations
  7433 | D:7      | Reached skill level 6 in Unarmed Combat
  8113 | D:8      | Reached skill level 10 in Transmutations
  8172 | D:8      | Found Nyonor's Assorted Antiques.
  8181 | D:8      | Bought a coral ring for 155 gold pieces
  8181 | D:8      | Bought a potion of heal wounds for 155 gold pieces
  8465 | D:8      | Reached skill level 7 in Unarmed Combat
  8728 | D:8      | Bought a shiny helmet for 232 gold pieces
  8925 | D:9      | Reached skill level 1 in Fighting
  8925 | D:9      | Reached XP level 10. HP: 71/71 MP: 16/22
  8932 | D:9      | Reached skill level 2 in Fighting
  9161 | D:9      | Reached skill level 3 in Fighting
  9166 | D:9      | Reached skill level 8 in Unarmed Combat
  9358 | D:9      | Reached skill level 4 in Fighting
  9388 | D:9      | Noticed a two-headed hydra
  9397 | D:9      | Killed a two-headed hydra
  9656 | D:9      | Identified the +8 falchion of the Reaper {elec, rElec Will+
                  | rCorr Str+5}
  9683 | D:9      | Reached skill level 5 in Fighting
  9901 | D:10     | Entered Level 10 of the Dungeon
  9913 | D:10     | Reached skill level 9 in Unarmed Combat
  9921 | D:10     | Noticed a two-headed ogre
 10024 | D:10     | Killed a two-headed ogre
 10256 | D:10     | Acquired 784 gold pieces
 10369 | D:10     | You pick up a book of Maledictions and begin reading...
 10369 | D:10     | You add the spells Anguish and Enfeeble to your library.
 10724 | D:10     | Noticed a two-headed ogre
 10734 | D:10     | Killed a two-headed ogre
 10735 | D:10     | Reached skill level 6 in Fighting
 10735 | D:10     | Reached XP level 11. HP: 56/89 MP: 21/24
 10868 | D:10     | Reached skill level 1 in Earth Magic
 11093 | D:11     | Reached skill level 10 in Unarmed Combat
 11093 | D:11     | Reached skill level 2 in Earth Magic
 11140 | D:11     | Noticed a death yak
 11145 | D:11     | Noticed a two-headed ogre
 11146 | D:11     | Noticed a death yak
 11149 | D:11     | Noticed a death yak
 11159 | D:11     | Killed a death yak
 11163 | D:11     | Killed a two-headed ogre
 11164 | D:11     | Reached skill level 7 in Fighting
 11164 | D:11     | Reached skill level 3 in Earth Magic
 11170 | D:11     | Killed a death yak
 11174 | D:11     | Killed a death yak
 11175 | D:11     | Reached skill level 4 in Earth Magic
 11226 | D:11     | Found a staircase to the Lair.
 11461 | D:11     | Noticed a two-headed ogre
 11470 | D:11     | Killed a two-headed ogre
 11550 | D:11     | Reached skill level 8 in Fighting
 11560 | D:11     | Reached skill level 5 in Earth Magic
 11711 | D:11     | Identified the +0 dagger "Spider's Undoing" {freeze, rN+
                  | Str+6}
 11734 | D:11     | Noticed a centaur warrior
 11747 | D:11     | Killed a centaur warrior
 11792 | D:11     | Identified the +3 leather armour "Eroonwon" {Drain +Blink
                  | Str+5}
 11894 | D:11     | Reached skill level 9 in Fighting
 11894 | D:11     | Reached skill level 2 in Dodging
 12028 | D:12     | Found a staircase to the Orcish Mines.
 12046 | D:12     | Identified the +1 buckler of Dotaqeinn {rF+ rN+ Will-
                  | Slay+5}
 12149 | D:12     | Noticed a deep elf pyromancer
 12156 | D:12     | Noticed Josephine
 12275 | Lair:1   | Entered Level 1 of the Lair of Beasts
 12290 | Lair:1   | Reached XP level 12. HP: 105/105 MP: 21/25
 12762 | Lair:1   | Reached skill level 3 in Dodging
 13127 | Lair:2   | Found a transporter.
 13146 | Lair:2   | HP: 23/137 [bog body (18)]
 13148 | Lair:2   | Found a staircase to the Swamp.
 13179 | Lair:2   | Reached skill level 10 in Fighting
 13208 | Lair:2   | Identified the +1 rapier of Ash {spect, Int+2}
 13368 | Lair:2   | Reached skill level 6 in Earth Magic
 13380 | Lair:2   | Reached skill level 4 in Dodging
 13482 | Lair:2   | magus.rc [v1.9.6]
 13564 | Lair:2   | Noticed a four-headed hydra
 13571 | Lair:2   | Killed a four-headed hydra
 13778 | Lair:2   | Found a transporter.
 13778 | Lair:2   | Noticed Nabski's ghost (journeyman TeFE)
 14042 | Lair:2   | Found a one-way gate to the infinite horrors of the Abyss.
 14066 | Lair:3   | Reached skill level 5 in Dodging
 14132 | Lair:3   | Noticed a six-headed hydra
 14139 | Lair:3   | HP: 18/106 [blink frog (13)]
 14140 | Lair:3   | HP: 7/106 [blink frog (8)]
 14144 | Lair:2   | Gained mutation: You have hidden genetic defects.
                  | [mutagenic glow]
 14146 | Lair:2   | HP: 30/127 [blink frog (4)]
 14162 | Lair:2   | Reached skill level 7 in Earth Magic
 14354 | Lair:3   | Gained mutation: You are frail. (-10% HP) [mutagenic glow]
 14453 | Lair:3   | Found a staircase to the Snake Pit.
 14516 | Lair:3   | Lost mutation: You have hidden genetic defects. [potion of
                  | mutation]
 14516 | Lair:3   | Lost mutation: You are frail. (-10% HP) [potion of
                  | mutation]
 14516 | Lair:3   | Gained mutation: Armour fits poorly on your strangely
                  | shaped body. [potion of mutation]
 14516 | Lair:3   | Gained mutation: You have large cloven feet. [potion of
                  | mutation]
 14516 | Lair:3   | Gained mutation: You possess an exceptional clarity of
                  | mind. [potion of mutation]
 14964 | Lair:3   | Killed a six-headed hydra
 15277 | Lair:3   | Reached skill level 6 in Dodging
 15672 | Lair:4   | Reached skill level 8 in Earth Magic
 15766 | Lair:4   | Noticed a six-headed hydra
 15772 | Lair:4   | Killed a six-headed hydra
 15803 | Lair:4   | Found a dark tunnel.
 15811 | Volcano  | Entered a volcano
 15838 | Volcano  | Reached XP level 13. HP: 113/113 MP: 19/26
 15938 | Volcano  | Reached skill level 9 in Earth Magic
 15955 | Volcano  | Identified the +0 hat of Zin's Generosity {rC+ Dex+6}
 16031 | Volcano  | Reached skill level 7 in Dodging
 16034 | Volcano  | You are cast into the Abyss!
 16034 | Abyss:2  | Cast into level 2 of the Abyss (a wizard)
 16109 | Abyss:2  | Noticed a black draconian
 16124 | Abyss:2  | Killed a black draconian
 16170 | Abyss:2  | Reached skill level 10 in Earth Magic
 16179 | Abyss:2  | HP: 31/146 [rakshasa/+0 trident (9)]
 16180 | Abyss:2  | HP: 10/146 [large abomination (illusionary) (22)]
 16184 | Abyss:2  | Slain by a rakshasa

Vanquished Creatures
  A black draconian (Abyss:2)
  4 hydras
  A centaur warrior (D:11)
  A dancing weapon (Volcano)
  4 two-headed ogres
  3 death yaks (D:11)
  2 wretched stars (Abyss:2)
  2 skysharks
  3 wizards (Volcano)
  2 bog bodies (Lair:2)
  A stone giant zombie (Abyss:2)
  A manticore (D:12)
  2 ugly things (D:12)
  5 toenail golems (Volcano)
  A black mamba (Lair:2)
  A smoke demon (Abyss:2)
  2 centaur zombies (D:10)
  Joseph (D:7)
  A gargoyle (D:11)
  5 cane toads
  A torpor snail (Lair:4)
  An orange demon (Abyss:2)
  Maggie (D:6)
  A kobold demonologist (D:10)
  2 unseen horrors (D:11)
  3 komodo dragons
  An ancient zyme (Abyss:2)
  A troll (D:9)
  2 hornets
  4 blink frogs
  3 raiju (Abyss:2)
  4 dream sheep
  A shadow (D:10)
  A wyvern (Lair:3)
  26 yaks
  Eustachio (D:4)
  A vampire (D:11)
  2 small abominations (Abyss:2)
  2 wraiths
  3 basilisks
  A steam dragon (D:10)
  A large abomination (Abyss:2)
  Menkaure (D:4)
  2 vampire mosquitoes (D:11)
  An acid dragon (D:11)
  9 water moccasins
  6 nagas (Lair:3)
  2 orc warriors
  3 ice beasts
  A sky beast (D:7)
  3 ogres
  5 wolves (Lair:1)
  11 centaurs
  2 phantoms
  7 kobold brigands
  A gnoll sergeant (D:9)
  7 bullfrogs
  5 scorpions
  4 wights
  11 killer bees
  10 howler monkeys
  3 jellies
  6 hounds
  5 orc priests
  A hell rat (D:11)
  7 orc wizards
  A sleepcap (D:7)
  5 iguanas
  9 gnolls
  9 adders
  5 river rats
  2 shadow imps
  2 white imps
  An ufetubus (D:4)
  4 dart slugs
  30 orcs
  17 ball pythons
  12 endoplasms
  12 giant cockroaches
  5 goblins
  7 hobgoblins
  18 kobolds
  15 quokkas
  5 bats
  11 frilled lizards
  5 rats
394 creatures vanquished.

Vanquished Creatures (others)
  A wizard (Volcano)
  3 fungi (Lair:3)
  15 plants
19 creatures vanquished.

Grand Total: 413 creatures vanquished

Table legend:
 A = Non-vault XP
 B = Vault XP
 C = Vault XP percentage of total XP
 D = Non-vault monster count
 E = Vault monster count
 F = Vault count percentage of total count
                 A         B        C        D         E       F
            +---------+---------+-------+---------+---------+-------
      Total |   38134 |   16219 |  29.8 |     279 |     116 |  29.4
            +---------+---------+-------+---------+---------+-------
        D:1 |      31 |       0 |   0.0 |      16 |       0 |   0.0
        D:2 |      58 |       0 |   0.0 |      18 |       0 |   0.0
        D:3 |     169 |       0 |   0.0 |      12 |       0 |   0.0
        D:4 |     292 |     380 |  56.5 |      17 |       2 |  10.5
        D:5 |     194 |     166 |  46.1 |       8 |       3 |  27.3
        D:6 |    1041 |     431 |  29.3 |      26 |       7 |  21.2
        D:7 |     570 |    1873 |  76.7 |       9 |      18 |  66.7
        D:8 |     792 |       0 |   0.0 |      29 |       0 |   0.0
        D:9 |    2429 |    1659 |  40.6 |      30 |       6 |  16.7
       D:10 |    3764 |     874 |  18.8 |      17 |       2 |  10.5
       D:11 |    6391 |    2525 |  28.3 |      23 |      13 |  36.1
       D:12 |    1683 |       0 |   0.0 |       6 |       0 |   0.0
     Lair:1 |    1174 |       0 |   0.0 |       8 |       0 |   0.0
     Lair:2 |    6413 |    1370 |  17.6 |      22 |       2 |   8.3
     Lair:3 |    4213 |     938 |  18.2 |      14 |       6 |  30.0
     Lair:4 |    3300 |       0 |   0.0 |      10 |       0 |   0.0
    Abyss:2 |    5620 |       0 |   0.0 |      14 |       0 |   0.0
      Sewer |       0 |     276 | 100.0 |       0 |      47 | 100.0
    Volcano |       0 |    5727 | 100.0 |       0 |      10 | 100.0
            +---------+---------+-------+---------+---------+-------

Illustrated notes

Table legend:
 A = Kills in this place as a percentage of kills in the entire game.
 B = Kills by you in this place as a percentage of kills by you in the entire game.
 C = Kills by friends in this place as a percentage of kills by friends in the entire game.
 D = Other kills in this place as a percentage of other kills in the entire game.
 E = Experience gained in this place as a percentage of experience gained in the entire game.
 F = Experience gained in this place divided by the number of levels of this place that you have seen.
                   A       B       C       D       E      F
               +-------+-------+-------+-------+-------+----------------------
         Total | 100.0 | 100.0 |   N/A | 100.0 | 100.0 | 2717.6
       Dungeon |  66.3 |  66.5 |   N/A |   0.0 |  46.6 | 2110.2
          Lair |  15.7 |  15.7 |   N/A |   0.0 |  32.0 | 4352.0
         Abyss |   3.5 |   3.6 |   N/A |   0.0 |  10.3 | 5620.0
         Sewer |  11.9 |  11.9 |   N/A |   0.0 |   0.5 | 276.0
       Volcano |   2.5 |   2.3 |   N/A | 100.0 |  10.5 | 5727.0
               +-------+-------+-------+-------+-------+----------------------

Table legend: (Time is in decaauts)
 A = Elapsed time spent in this place.
 B = Non-inter-level travel time spent in this place.
 C = Inter-level travel time spent in this place.
 D = Time resting spent in this place.
 E = Time spent auto-exploring this place.
 F = Levels seen in this place.
 G = Mean time per level.
                   A        B        C        D        E       F      G
               +--------+--------+--------+--------+--------+-----+--------+
         Total |  16928 |  16416 |    512 |   1397 |  11693 |  20 |  846.4 |
       Dungeon |  11661 |  11184 |    477 |   1200 |   7863 |  12 |  971.8 |
        Temple |      1 |      1 |      0 |      0 |      0 |   1 |    1.0 |
          Lair |   4193 |   4158 |     35 |     36 |   3462 |   4 | 1048.2 |
         Abyss |    194 |    194 |      0 |     16 |     57 |   1 |  194.0 |
         Sewer |    577 |    577 |      0 |    144 |    222 |   1 |  577.0 |
       Volcano |    300 |    300 |      0 |      0 |     88 |   1 |  300.0 |
               +--------+--------+--------+--------+--------+-----+--------+

Top non-repeatable levels by time:
     D:4: 1612 daAuts
  Lair:3: 1518 daAuts
  Lair:2: 1349 daAuts
     D:7: 1217 daAuts
     D:9: 1163 daAuts
     D:6: 1057 daAuts
    D:10: 1030 daAuts
    D:11: 1030 daAuts
  Lair:1: 924 daAuts
     D:2: 921 daAuts
     D:3: 886 daAuts
     D:1: 884 daAuts
     D:8: 865 daAuts
     D:5: 842 daAuts
   Sewer: 577 daAuts
